 Dungeon Crawl Stone Soup version 0.30-a0-394-g3e4acdb0ae (webtiles) character file.

Game seed: 15989424956618720675

10782 diggingrock the Thaumaturge (level 11, -17/86 HPs)
             Began as a Formicid Transmuter on Dec 6, 2022.
             Was a High Priest of Cheibriados.
             Demolished by an orc warlord
             ... wielding a +2 dire flail of protection
              (20 damage)
             ... on level 1 of the Orcish Mines.
             The game lasted 00:55:48 (8197 turns).

diggingrock the Thaumaturge (Formicid Transmuter)   Turns: 8197, Time: 00:55:48

Health: -17/86     AC: 14    Str: 31    XL:     11   Next: 99%
Magic:  12/24      EV: 13    Int: 28    God:    Cheibriados [*****.]
Gold:   589        SH:  8    Dex: 26    Spells: 14/28 levels left

rFire   + . .      SeeInvis +    q - +8 demon trident "Rift" {distort, reach+}
rCold   + . .      Faith    .    R - +0 buckler
rNeg    . . .      Spirit   .    d - +2 robe {Will+}
rPois   .          Reflect  .    (helmet unavailable)
rElec   .          Harm     .    N - +2 cloak
rCorr   +          Rampage  .    h - +0 pair of gloves
Will    ++...                    S - +1 pair of boots "Dofuah" {rF+}
Stlth   ++........               g - amulet "Toguaq" {Fragile rC+ Regen+ rCorr Str+3}
HPRegen 1.14/turn                c - +4 ring of protection
MPRegen 0.19/turn                G - ring of resist corrosion

@: very slow
A: permanent stasis, dig shafts and tunnels, antennae 3, four strong arms
a: Dig, Shaft Self, Renounce Religion, Bend Time, Temporal Distortion, Slouch,
Step From Time


You were on level 1 of the Orcish Mines.
You worshipped Cheibriados.
Cheibriados was extremely pleased with you.
You visited 3 branches of the dungeon, and saw 13 of its levels.
You also visited: Ossuary.

You collected 809 gold pieces.
You spent 220 gold pieces at shops.

Inventory:

Hand Weapons
 q - the +8 demon trident "Rift" (weapon) {distort, reach+}
   (You found it on level 4 of the Dungeon)

   It warps and distorts space around it, and may blink, banish, or inflict
   extra damage upon those it strikes.
   Unwielding it can cause banishment or high damage.
   It can reach especially far, and its reaching attacks ignore other creatures
   in the way.
 J - a +0 mace of venom
Missiles
 e - 4 curare-tipped darts
 u - 39 poisoned darts
 P - a throwing net
Armour
 a - a +0 kite shield
 d - a +2 robe of willpower (worn)
 h - a +0 pair of gloves (worn)
 N - a +2 cloak (worn)
 R - a +0 buckler (worn)
 S - the +1 pair of boots "Dofuah" (worn) {rF+}
   (You found it on level 10 of the Dungeon)

   rF:        It protects you from fire.
Magical Staves
 f - a staff of fire
Jewellery
 c - a +4 ring of protection (left hand)
 g - the amulet "Toguaq" (around neck) {Fragile rC+ Regen+ rCorr Str+3}
   (You acquired it in an ossuary)

   [amulet of regeneration]

   Str:       It affects your strength (+3).
   rC:        It protects you from cold.
   Regen:     It increases your rate of health regeneration.
   rCorr:     It protects you from acid and corrosion.
   Fragile:   It will be destroyed if unequipped.
 G - a ring of resist corrosion (right hand)
Wands
 n - a wand of acid (13) (quivered)
 r - a wand of mindburst (23)
 Q - a wand of iceblast (6)
Scrolls
 i - a scroll of poison
 j - 3 scrolls of fog
 l - 5 scrolls of teleportation
 o - a scroll of immolation
 p - 2 scrolls of enchant armour
 y - a scroll of summoning
 D - 2 scrolls of amnesia
 F - 5 scrolls of magic mapping
 I - a scroll of brand weapon
Potions
 b - 2 potions of lignification
 k - 3 potions of attraction
 m - a potion of mutation
 t - 4 potions of heal wounds
 w - 2 potions of flight
 x - 5 potions of curing
 z - 3 potions of might
 B - 2 potions of haste {unknown}
 C - 2 potions of resistance {unknown}
 E - 2 potions of invisibility {unknown}
 H - a potion of cancellation {unknown}
 L - 3 potions of magic {unknown}
 M - 2 potions of brilliance {unknown}
 O - a potion of berserk rage {unknown}


   Skills:
 - Level 8.2 Fighting
 - Level 7.0 Polearms
 - Level 2.0 Dodging
 - Level 8.0 Shields
 - Level 3.5 Unarmed Combat
 + Level 9.0 Spellcasting
 - Level 3.0 Summonings
 - Level 4.0 Transmutations
 - Level 4.0 Air Magic
 - Level 4.3 Poison Magic
 - Level 8.3 Invocations


You had 14 spell levels left.
You knew the following spells:

 Your Spells              Type           Power      Damage    Failure   Level
a - Beastly Appendage     Tmut           70%        N/A       1%          1
b - Wereblood             Tmut           35%        N/A       1%          2
c - Sting                 Tmut/Pois      100%       1d8       1%          1
d - Spider Form           Tmut/Pois      36%        N/A       2%          3
e - Summon Lightning Spi  Summ/Air       32%        N/A       12%         4
f - Vhi's Electric Charg  Tloc/Air       46%        N/A       7%          3

Your spell library contained the following spells:

 Spells                   Type           Power      Damage    Failure   Level
 Poisonous Vapours        Pois/Air       72%        N/A       1%          2
 Static Discharge         Conj/Air       46%        2-4/arc   3%          2
 Olgreb's Toxic Radiance  Pois           37%        N/A       9%          4
 Ozocubu's Armour         Ice            12%        N/A       16%         3
 Ice Form                 Ice/Tmut       23%        N/A       22%         4
 Arcjolt                  Conj/Air       11%        1d21      54%         5
 Lightning Bolt           Conj/Air       11%        1d24      54%         5
 Metabolic Englaciation   Hex/Ice        6%         N/A       82%         5
 Simulacrum               Ice/Necr       6%         N/A       100%        6
 Storm Form               Tmut/Air       17%        N/A       100%        7
 Maxwell's Capacitive Co  Air            17%        ∞         100%        8


Dungeon Overview and Level Annotations

Branches:
Dungeon (11/15)            Temple (1/1) D:6             Orc (1/2) D:9
Ossuary (visited)
   Lair: D:8-11

Altars:
Ashenzari
Cheibriados
Dithmenos
Elyvilon
Fedhas
Gozag
Hepliaklqana
Kikubaaqudgha
Makhleb
Nemelex Xobeh
Okawaru
Qazlal
Ru
Sif Muna
Trog
Uskayaw
Vehumet
Wu Jian
Xom
Yredelemnul
Zin
The Shining One

Annotations:
Abyss:1 Crazy Yiuf


Innate Abilities, Weirdness & Mutations

You cannot be hasted, slowed, berserked, paralysed or teleported.
You can dig through walls and to a lower floor.
You have a pair of large antennae on your head. (SInv)
Your four strong arms can wield two-handed weapons with a shield.


Message History

Your Spellcasting skill increases to level 8!
Activating: Slouch (4% risk of failure)
Press: ? - help, Dir - look around, f - activate Look: an orc warlord, wielding a +2 dire flail of protection and wearing a +0 chain mail (heavily wounded)
You can feel time thicken for a moment.
You kill the orc warrior!
Cheibriados appreciates the change of pace.
You kill the orc warrior!
Cheibriados thoroughly appreciates the change of pace.
You kill the orc warrior!
Cheibriados thoroughly appreciates the change of pace.
You kill the orc warrior!
Cheibriados thoroughly appreciates the change of pace.
You kill the warg!
Cheibriados thoroughly appreciates the change of pace.
Cheibriados raises the support of your attributes as your movement slows.
You kill the orc!
Cheibriados appreciates the change of pace.
You kill the orc warrior!
Cheibriados thoroughly appreciates the change of pace.
You kill the orc!
Cheibriados thoroughly appreciates the change of pace.
You kill the orc warrior!
Cheibriados appreciates the change of pace.
You kill the orc warrior!
Cheibriados appreciates the change of pace.
You kill the orc sorcerer!
Cheibriados thoroughly appreciates the change of pace.
The soul eater disappears in a puff of smoke!
Cheibriados lowers the support of your attributes as your movement quickens.
Your Spellcasting skill increases to level 9!
You drop a +0 spectral quarterstaff.
An orc comes into view. It is wielding a +0 flail.
No item to drop.
The orc warlord attacks as you move away!
The orc warlord hits you with a +2 dire flail of protection!!
* * * LOW HITPOINT WARNING * * *
An orc comes into view. It is wielding a +1 mace of draining.
The orc warlord hits you with a +2 dire flail of protection!!
You die...

####### ##.#...##
.#.......##
..........##
...........# #
.o..))....#.##
##.)o@.....#
...##..)).....#.#
.)o)).h<))...#...
.)...>).))....# .
.....)..#.......
..)).).#...##.#.#
..).... #..# ..##
...)... .... ..
.....#. ....


You could see an orc warlord, a warg and 2 orcs.

Vanquished Creatures
  A two-headed ogre (D:8)
  An orc sorcerer (Orc:1)
  Joseph (D:9)
  Maurice (D:8)
  2 kobold demonologists (D:10)
  Psyche (D:8)
  A troll (D:8)
  4 hornets
  The ghost of Verendum the Insei, an amateur OpTm of Ru (D:6)
  2 wyverns
  A steam dragon (D:7)
  4 yaks (D:10)
  Edmund (D:5)
  3 wargs (Orc:1)
  An acid dragon (D:10)
  2 water moccasins
  An ice beast (D:4)
  12 orc warriors
  A sky beast (D:7)
  4 ogres
  2 centaurs (D:8)
  6 kobold brigands
  Blork the orc (D:6)
  3 bullfrogs
  3 scorpions
  A necrophage (D:5)
  2 gnoll sergeants
  7 wights
  3 howler monkeys
  A jelly (D:8)
  4 hounds (D:5)
  8 orc priests
  A gnoll bouda (D:5)
  7 iguanas
  5 orc wizards
  8 mummies (Ossuary)
  10 gnolls
  3 adders
  A white imp (D:8)
  2 ufetubi
  3 worms
  3 dart slugs
  40 orcs
  4 ball pythons
  7 bats
  6 endoplasms
  2 giant cockroaches (D:1)
  8 goblins
  3 hobgoblins
  3 jackals (D:2)
  4 quokkas
  4 frilled lizards
  2 gnoll zombies (Ossuary)
  2 hobgoblin zombies (Ossuary)
  27 kobolds
  4 kobold zombies (Ossuary)
  10 rats
255 creatures vanquished.

Vanquished Creatures (collateral kills)
  A yak (D:10)
  An orc wizard (D:8)
2 creatures vanquished.

Vanquished Creatures (others)
  A fungus (D:6)
1 creature vanquished.

Grand Total: 258 creatures vanquished

Notes
Turn   | Place    | Note
-------+----------+-------------------------------------------
     0 | D:1      | diggingrock the Formicid Transmuter began the quest for the
                  | Orb.
     0 | D:1      | Reached XP level 1. HP: 15/15 MP: 3/3
   119 | D:1      | Reached XP level 2. HP: 21/21 MP: 5/5
   235 | D:1      | Learned a level 2 spell: Wereblood
   252 | D:1      | Learned a level 1 spell: Sting
   435 | D:1      | Reached XP level 3. HP: 26/26 MP: 4/6
   788 | D:2      | Reached skill level 1 in Poison Magic
  1216 | D:2      | Reached XP level 4. HP: 32/33 MP: 1/7
  1290 | D:2      | Learned a level 3 spell: Spider Form
  1676 | D:3      | Found a hide-covered altar of Uskayaw.
  1781 | D:3      | Found a bloodstained altar of Trog.
  1795 | D:3      | Found a snail-covered altar of Cheibriados.
  1823 | D:3      | Found a glowing golden altar of the Shining One.
  1853 | D:3      | Became a worshipper of Cheibriados the Contemplative
  1947 | D:3      | Reached XP level 5. HP: 33/38 MP: 9/9
  2034 | D:4      | Found the +8 demon trident "Rift" {distort, reach+}
  2101 | D:4      | Reached skill level 3 in Spellcasting
  2181 | D:4      | Identified the +1 leather armour "Aqoem" {Stlth+}
  2246 | D:4      | Found a basalt altar of Yredelemnul.
  2303 | D:4      | Noticed an ice beast
  2309 | D:4      | Killed an ice beast
  2310 | D:4      | Reached skill level 1 in Polearms
  2310 | D:4      | Reached skill level 1 in Invocations
  2310 | D:4      | Reached XP level 6. HP: 47/47 MP: 9/11
  2312 | D:4      | Found an iron altar of Okawaru.
  2335 | D:4      | Found a stormy altar of Qazlal.
  2670 | D:5      | Entered Level 5 of the Dungeon
  2670 | D:5      | Found Asottao's Distillery.
  2680 | D:5      | Reached XP level 7. HP: 52/52 MP: 10/12
  2683 | D:5      | Reached * piety under Cheibriados
  2688 | D:5      | Bought a potion of attraction for 30 gold pieces
  2688 | D:5      | Bought a potion of flight for 30 gold pieces
  2688 | D:5      | Bought a potion of heal wounds for 50 gold pieces
  2688 | D:5      | Bought a potion of heal wounds for 50 gold pieces
  2688 | D:5      | Bought a potion of flight for 30 gold pieces
  2688 | D:5      | Bought a potion of lignification for 30 gold pieces
  2699 | D:5      | Identified a scroll of acquirement
  2758 | D:5      | Reached skill level 4 in Spellcasting
  2978 | D:5      | Found a sand-covered staircase.
  2983 | Ossuary  | Entered an ossuary
  2985 | Ossuary  | Acquired the amulet "Toguaq" {Fragile rC+ Regen+ rCorr
                  | Str+3}
  3017 | Ossuary  | Reached XP level 8. HP: 60/60 MP: 14/14
  3033 | Ossuary  | Learned a level 4 spell: Summon Lightning Spire
  3275 | D:5      | Noticed a hornet
  3283 | D:5      | Killed a hornet
  3284 | D:5      | Reached skill level 1 in Air Magic
  3288 | D:5      | Reached ** piety under Cheibriados
  3324 | D:5      | Reached skill level 5 in Fighting
  3324 | D:5      | Reached skill level 5 in Spellcasting
  3332 | D:5      | Reached XP level 9. HP: 68/68 MP: 16/16
  3368 | D:5      | Noticed Edmund
  3375 | D:5      | Killed Edmund
  3376 | D:5      | Reached skill level 5 in Invocations
  4134 | D:6      | Found an ornate altar of the Wu Jian Council.
  4169 | D:6      | Found an opulent altar of Gozag.
  4228 | D:6      | Found a runed translucent door.
  4229 | D:6      | Noticed Crazy Yiuf
  4234 | D:6      | Banished Crazy Yiuf
  4288 | D:6      | Found a staircase to the Ecumenical Temple.
  4296 | Temple   | Entered the Ecumenical Temple
  4438 | D:6      | Reached skill level 1 in Summonings
  4551 | D:6      | Found a runed translucent door.
  4554 | D:6      | Noticed Verendum's ghost (amateur OpTm)
  4622 | D:6      | Noticed Blork the orc
  4626 | D:6      | Killed Blork the orc
  4954 | D:6      | Killed Verendum's ghost
  5001 | D:7      | Reached skill level 6 in Spellcasting
  5002 | D:7      | Reached skill level 5 in Polearms
  5014 | D:7      | Reached *** piety under Cheibriados
  5226 | D:7      | Reached XP level 10. HP: 77/77 MP: 19/19
  5631 | D:7      | Found a blossoming altar of Fedhas.
  5904 | D:7      | Found a white marble altar of Elyvilon.
  5906 | D:7      | Found an ancient bone altar of Kikubaaqudgha.
  5912 | D:7      | Learned a level 3 spell: Vhi's Electric Charge
  5976 | D:8      | Noticed a two-headed ogre
  5976 | D:8      | Noticed Psyche
  5987 | D:8      | Killed Psyche
  5991 | D:8      | Killed a two-headed ogre
  5995 | D:8      | Reached **** piety under Cheibriados
  6083 | D:8      | Reached skill level 7 in Spellcasting
  6280 | D:8      | Noticed Maurice
  6282 | D:8      | Killed Maurice
  6726 | D:9      | Noticed Joseph
  6740 | D:9      | Killed Joseph
  6741 | D:9      | Reached XP level 11. HP: 29/86 MP: 20/22
  7118 | D:9      | Found a staircase to the Orcish Mines.
  7122 | D:9      | Noticed a two-headed ogre
  7126 | D:9      | Banished a two-headed ogre
  7183 | D:9      | Reached ***** piety under Cheibriados
  7330 | D:10     | Entered Level 10 of the Dungeon
  7364 | D:10     | Reached skill level 1 in Shields
  7421 | D:10     | Identified the +1 pair of boots "Dofuah" {rF+}
  7425 | D:10     | Reached skill level 5 in Shields
  7998 | D:11     | Noticed a purple ugly thing
  8171 | Orc:1    | Entered Level 1 of the Orcish Mines
  8179 | Orc:1    | Noticed an orc warlord
  8189 | Orc:1    | Noticed an orc sorcerer
  8193 | Orc:1    | Noticed a soul eater
  8195 | Orc:1    | Reached skill level 8 in Spellcasting
  8195 | Orc:1    | Killed an orc sorcerer
  8196 | Orc:1    | Reached skill level 9 in Spellcasting
  8197 | Orc:1    | HP: 1/86 [orc warlord/+2 dire flail of protection (18)]
  8197 | Orc:1    | Demolished by an orc warlord

Illustrated notes

Levels and vault maps discovered:
D:1:      denvon_arrival_waterhouse, layout_rooms,
          wander_ebering_terrifying_dragon_lair
D:2:      layout_loops_ring
D:3:      layout_loops_cross, nicolae_overflow_quartered_altars,
          minmay_misc_feat_encased
D:4:      layout_gridville, mainiacjoe_overflow_large_starburst,
          mainiacjoe_overflow_paths
D:5:      cheibrodos_barr_body, layout_basic, serial_shops,
          nicolae_stop_n_shop_1, enter_ossuary_5, uniq_edmund
D:6:      layout_basic, mainiacjoe_overflow_two_lobes,
          minmay_temple_entry_mini_moons, gammafunk_ghost_grave,
          uniq_blork_the_orc, uniq_crazy_yiuf_cottage
D:7:      layout_basic, fedhas_altar_2,
          chequers_temple_overflow_statue_of_worship
D:8:      layout_basic, hangedman_abyss_or_decor_passed, uniq_psyche,
          uniq_maurice
D:9:      layout_roguey, orc_0_dummy, uniq_joseph
D:10:     layout_small_grid
D:11:     minmay_four_partial_circles, layout_basic, lair_entry_dummy,
          minmay_misc_feat_nine_boxes, minmay_mirror_moons_of_madness
Temple:   hellmonk_temple_rainy
Orc:1:    layout_caves, mines1_david

Skill      XL: |  1  2  3  4  5  6  7  8  9 10 11 |
---------------+----------------------------------+-----
Dodging        | 2 |  2.0
Poison Magic   | 1 3 4 |  4.3
Fighting       | 2 3 4 5 6 7 8 |  8.2
Transmutations | 3 4 |  4.0
Spellcasting   | 3 4 5 6 7 9 |  9.0
Polearms       | 1 2 3 5 6 7 |  7.0
Invocations    | 1 2 3 4 6 7 8 |  8.3
Air Magic      | 2 3 4 |  4.0
Summonings     | 2 3 |  3.0
Shields        | 8 |  8.0
Unarmed Combat | |  3.5

Action                   |  1- 3 |  4- 6 |  7- 9 | 10-12 || total
-------------------------+-------+-------+-------+-------++-------
Melee: Unarmed           |   114 |    43 |       |       ||   157
       Kick              |     3 |       |       |       ||     3
       Punch             |     1 |     1 |     3 |     3 ||     8
       Demon trident     |       |    36 |   181 |   210 ||   427
 Cast: Sting             |    19 |     3 |     1 |       ||    23
       Beastly Appendage |     3 |     1 |       |       ||     4
       Wereblood         |     1 |       |       |       ||     1
       Spider Form       |       |     3 |       |       ||     3
       Vhi's Electric Ch |       |       |       |     6 ||     6
       Summon Lightning  |       |       |       |     3 ||     3
Invok: Slouch            |       |       |       |     2 ||     2
  Use: Scroll            |       |       |     8 |     6 ||    14
 Stab: Sleeping          |     3 |       |     7 |     5 ||    15
       Invisible         |       |       |       |     3 ||     3
       Distracted        |       |       |       |     1 ||     1
Armor: Robe              |    42 |    15 |       |    77 ||   134
       Skin              |       |     5 |       |       ||     5
       Leather armour    |       |     3 |    19 |       ||    22
       Steam dragon scal |       |       |     4 |    10 ||    14
Dodge: Dodged            |    68 |    59 |    52 |    97 ||   276
Block: Buckler           |       |       |       |    34 ||    34

Table legend: (Time is in decaauts)
 A = Elapsed time spent in this place.
 B = Non-inter-level travel time spent in this place.
 C = Inter-level travel time spent in this place.
 D = Time resting spent in this place.
 E = Time spent auto-exploring this place.
 F = Levels seen in this place.
 G = Mean time per level.
                   A        B        C        D        E       F      G
               +--------+--------+--------+--------+--------+-----+--------+
         Total |  11423 |  10668 |    755 |     83 |   6726 |  14 |  815.9 |
       Dungeon |  11093 |  10338 |    755 |     83 |   6713 |  11 | 1008.5 |
        Temple |     70 |     70 |      0 |      0 |     13 |   1 |   70.0 |
  Orcish Mines |     26 |     26 |      0 |      0 |      0 |   1 |   26.0 |
       Ossuary |    233 |    233 |      0 |      0 |      0 |   1 |  233.0 |
               +--------+--------+--------+--------+--------+-----+--------+

Top non-repeatable levels by time:
     D:6: 1563 daAuts
     D:7: 1555 daAuts
     D:5: 1483 daAuts
     D:8: 1230 daAuts
    D:10: 1180 daAuts
     D:9: 1161 daAuts
     D:4: 802 daAuts
     D:3: 789 daAuts
     D:2: 775 daAuts
     D:1: 508 daAuts
 Ossuary: 233 daAuts
  Temple: 70 daAuts
    D:11: 43 daAuts
   Orc:1: 26 daAuts
